cohdb
Replays
Latest Replays
All Replays
Popular Replays
Top Player Replays
Match Explorer
How It Works
Community
CoH3 Stats
Reddit
Sign in to upload your games and track your stats! →
Sign in with Steam
Match 47401976
Unlisted
Match 47401976
Overview
Messages
Build Orders
End
Construct Barracks
Riflemen Squad
Riflemen Squad
Selects Airborne Battlegroup
Selects Pathfinders
Grenade Package
Riflemen Squad
Selects Paratrooper Squad Paradrop
Paratrooper Squad Paradrop
Construct Medical Station
Construct Medical Station
Construct Medical Station
Riflemen Squad
Infantry Support Center
Selects Anti-tank Gun Team Paradrop
Advanced Logistics
Construct Weapon Support Center
Anti-tank Gun Team Paradrop
2nd infantry division
⁂ | Mad_Korean
Implacable
corncobber5
Phan
kamacura
Cicero_540
Green Sea Squash
0
0
Comments
sign in to comment!
No comments posted yet!